Workbook

Sheet Instrucciones
B2: Control de facturas del hogar
B3: Plantilla gratuita de PlantillasDeCalculo.com
B5: CÓMO USARLA
B6: 1. En «Suministros» ajusta la lista a la tuya y pon la unidad de consumo de cada uno.
B7: 2. Apunta cada factura: fecha, suministro, días del periodo, consumo e importe.
B8: 3. El «€/día» es lo que permite comparar de verdad dos facturas de distinta duración.
B9: 4. El «€ por unidad» te dice si has pagado más porque has consumido más o porque ha subido el precio.
B10: 5. «Resumen» te da la matriz de suministro por mes y el total del año.
B11: 6. Ahí se ve el mes más caro y qué suministro se lleva la mayor parte del recibo.
B13: LEYENDA DE COLORES
B14: Fondo crema y texto azul — lo escribes tú
B15: Texto verde — se calcula solo, no lo toques
... B23: No afiliado a Microsoft. Excel® es una marca registrada de Microsoft Corporation.

Sheet Facturas
B2: FACTURAS DEL HOGAR
B4: Fecha | C4: Suministro | D4: Compañía | E4: Días del periodo | F4: Consumo | G4: Importe | H4: €/día | I4: € por unidad | J4: Mes | K4: Año
B5: 2026-07-05 | C5: Luz | D5: Compañía A | E5: 31 | F5: 245 | G5: 78.4 | H5: =IF(OR(B5="",N(E5)=0),"",G5/E5) -> 2.5290323 | I5: =IF(OR(B5="",N(F5)=0),"",G5/F5) -> 0.32 | J5: =IF(B5="","",MONTH(B5)) -> 7 | K5: =IF(B5="","",YEAR(B5)) -> 2026
B6: 2026-07-12 | C6: Agua | D6: Compañía B | E6: 90 | F6: 22 | G6: 41.2 | H6: =IF(OR(B6="",N(E6)=0),"",G6/E6) -> 0.45777778 | I6: =IF(OR(B6="",N(F6)=0),"",G6/F6) -> 1.8727273 | J6: =IF(B6="","",MONTH(B6)) -> 7 | K6: =IF(B6="","",YEAR(B6)) -> 2026
B7: 2026-08-05 | C7: Luz | D7: Compañía A | E7: 31 | F7: 268 | G7: 84.9 | H7: =IF(OR(B7="",N(E7)=0),"",G7/E7) -> 2.7387097 | I7: =IF(OR(B7="",N(F7)=0),"",G7/F7) -> 0.31679104 | J7: =IF(B7="","",MONTH(B7)) -> 8 | K7: =IF(B7="","",YEAR(B7)) -> 2026
H8: =IF(OR(B8="",N(E8)=0),"",G8/E8) | I8: =IF(OR(B8="",N(F8)=0),"",G8/F8) | J8: =IF(B8="","",MONTH(B8)) | K8: =IF(B8="","",YEAR(B8))
H9: =IF(OR(B9="",N(E9)=0),"",G9/E9) | I9: =IF(OR(B9="",N(F9)=0),"",G9/F9) | J9: =IF(B9="","",MONTH(B9)) | K9: =IF(B9="","",YEAR(B9))
H10: =IF(OR(B10="",N(E10)=0),"",G10/E10) | I10: =IF(OR(B10="",N(F10)=0),"",G10/F10) | J10: =IF(B10="","",MONTH(B10)) | K10: =IF(B10="","",YEAR(B10))
H11: =IF(OR(B11="",N(E11)=0),"",G11/E11) | I11: =IF(OR(B11="",N(F11)=0),"",G11/F11) | J11: =IF(B11="","",MONTH(B11)) | K11: =IF(B11="","",YEAR(B11))
H12: =IF(OR(B12="",N(E12)=0),"",G12/E12) | I12: =IF(OR(B12="",N(F12)=0),"",G12/F12) | J12: =IF(B12="","",MONTH(B12)) | K12: =IF(B12="","",YEAR(B12))
H13: =IF(OR(B13="",N(E13)=0),"",G13/E13) | I13: =IF(OR(B13="",N(F13)=0),"",G13/F13) | J13: =IF(B13="","",MONTH(B13)) | K13: =IF(B13="","",YEAR(B13))
H14: =IF(OR(B14="",N(E14)=0),"",G14/E14) | I14: =IF(OR(B14="",N(F14)=0),"",G14/F14) | J14: =IF(B14="","",MONTH(B14)) | K14: =IF(B14="","",YEAR(B14))
H15: =IF(OR(B15="",N(E15)=0),"",G15/E15) | I15: =IF(OR(B15="",N(F15)=0),"",G15/F15) | J15: =IF(B15="","",MONTH(B15)) | K15: =IF(B15="","",YEAR(B15))
H16: =IF(OR(B16="",N(E16)=0),"",G16/E16) | I16: =IF(OR(B16="",N(F16)=0),"",G16/F16) | J16: =IF(B16="","",MONTH(B16)) | K16: =IF(B16="","",YEAR(B16))
H17: =IF(OR(B17="",N(E17)=0),"",G17/E17) | I17: =IF(OR(B17="",N(F17)=0),"",G17/F17) | J17: =IF(B17="","",MONTH(B17)) | K17: =IF(B17="","",YEAR(B17))
H18: =IF(OR(B18="",N(E18)=0),"",G18/E18) | I18: =IF(OR(B18="",N(F18)=0),"",G18/F18) | J18: =IF(B18="","",MONTH(B18)) | K18: =IF(B18="","",YEAR(B18))
H19: =IF(OR(B19="",N(E19)=0),"",G19/E19) | I19: =IF(OR(B19="",N(F19)=0),"",G19/F19) | J19: =IF(B19="","",MONTH(B19)) | K19: =IF(B19="","",YEAR(B19))
... H254: =IF(OR(B254="",N(E254)=0),"",G254/E254) | I254: =IF(OR(B254="",N(F254)=0),"",G254/F254) | J254: =IF(B254="","",MONTH(B254)) | K254: =IF(B254="","",YEAR(B254))

Sheet Suministros
B2: TUS SUMINISTROS
B4: Suministro | C4: Unidad de consumo
B5: Luz | C5: kWh
B6: Agua | C6: m³
B7: Gas | C7: kWh
B8: Internet | C8: —
B9: Móvil | C9: —
B10: Comunidad | C10: —
B11: Seguro del hogar | C11: —
B12: Basuras e IBI | C12: —

Sheet Resumen
B2: GASTO POR SUMINISTRO Y MES
B4: Suministro | C4: Ene | D4: Feb | E4: Mar | F4: Abr | G4: May | H4: Jun | I4: Jul | J4: Ago | K4: Sep | L4: Oct | M4: Nov | N4: Dic | O4: Total año
B5: =IF(Suministros!B5="","",Suministros!B5) -> Luz | C5: =IF($B5="","",SUMIFS(Facturas!$G$5:$G$254,Facturas!$C$5:$C$254,$B5,Facturas!$J$5:$J$254,1)) -> 0 | D5: =IF($B5="","",SUMIFS(Facturas!$G$5:$G$254,Facturas!$C$5:$C$254,$B5,Facturas!$J$5:$J$254,2)) -> 0 | E5: =IF($B5="","",SUMIFS(Facturas!$G$5:$G$254,Facturas!$C$5:$C$254,$B5,Facturas!$J$5:$J$254,3)) -> 0 | F5: =IF($B5="","",SUMIFS(Facturas!$G$5:$G$254,Facturas!$C$5:$C$254,$B5,Facturas!$J$5:$J$254,4)) -> 0 | G5: =IF($B5="","",SUMIFS(Facturas!$G$5:$G$254,Facturas!$C$5:$C$254,$B5,Facturas!$J$5:$J$254,5)) -> 0 | H5: =IF($B5="","",SUMIFS(Facturas!$G$5:$G$254,Facturas!$C$5:$C$254,$B5,Facturas!$J$5:$J$254,6)) -> 0 | I5: =IF($B5="","",SUMIFS(Facturas!$G$5:$G$254,Facturas!$C$5:$C$254,$B5,Facturas!$J$5:$J$254,7)) -> 78.4 | J5: =IF($B5="","",SUMIFS(Facturas!$G$5:$G$254,Facturas!$C$5:$C$254,$B5,Facturas!$J$5:$J$254,8)) -> 84.9 | K5: =IF($B5="","",SUMIFS(Facturas!$G$5:$G$254,Facturas!$C$5:$C$254,$B5,Facturas!$J$5:$J$254,9)) -> 0 | L5: =IF($B5="","",SUMIFS(Facturas!$G$5:$G$254,Facturas!$C$5:$C$254,$B5,Facturas!$J$5:$J$254,10)) -> 0 | M5: =IF($B5="","",SUMIFS(Facturas!$G$5:$G$254,Facturas!$C$5:$C$254,$B5,Facturas!$J$5:$J$254,11)) -> 0 | N5: =IF($B5="","",SUMIFS(Facturas!$G$5:$G$254,Facturas!$C$5:$C$254,$B5,Facturas!$J$5:$J$254,12)) -> 0 | O5: =IF(B5="","",SUM(C5:N5)) -> 163.3
B6: =IF(Suministros!B6="","",Suministros!B6) -> Agua | C6: =IF($B6="","",SUMIFS(Facturas!$G$5:$G$254,Facturas!$C$5:$C$254,$B6,Facturas!$J$5:$J$254,1)) -> 0 | D6: =IF($B6="","",SUMIFS(Facturas!$G$5:$G$254,Facturas!$C$5:$C$254,$B6,Facturas!$J$5:$J$254,2)) -> 0 | E6: =IF($B6="","",SUMIFS(Facturas!$G$5:$G$254,Facturas!$C$5:$C$254,$B6,Facturas!$J$5:$J$254,3)) -> 0 | F6: =IF($B6="","",SUMIFS(Facturas!$G$5:$G$254,Facturas!$C$5:$C$254,$B6,Facturas!$J$5:$J$254,4)) -> 0 | G6: =IF($B6="","",SUMIFS(Facturas!$G$5:$G$254,Facturas!$C$5:$C$254,$B6,Facturas!$J$5:$J$254,5)) -> 0 | H6: =IF($B6="","",SUMIFS(Facturas!$G$5:$G$254,Facturas!$C$5:$C$254,$B6,Facturas!$J$5:$J$254,6)) -> 0 | I6: =IF($B6="","",SUMIFS(Facturas!$G$5:$G$254,Facturas!$C$5:$C$254,$B6,Facturas!$J$5:$J$254,7)) -> 41.2 | J6: =IF($B6="","",SUMIFS(Facturas!$G$5:$G$254,Facturas!$C$5:$C$254,$B6,Facturas!$J$5:$J$254,8)) -> 0 | K6: =IF($B6="","",SUMIFS(Facturas!$G$5:$G$254,Facturas!$C$5:$C$254,$B6,Facturas!$J$5:$J$254,9)) -> 0 | L6: =IF($B6="","",SUMIFS(Facturas!$G$5:$G$254,Facturas!$C$5:$C$254,$B6,Facturas!$J$5:$J$254,10)) -> 0 | M6: =IF($B6="","",SUMIFS(Facturas!$G$5:$G$254,Facturas!$C$5:$C$254,$B6,Facturas!$J$5:$J$254,11)) -> 0 | N6: =IF($B6="","",SUMIFS(Facturas!$G$5:$G$254,Facturas!$C$5:$C$254,$B6,Facturas!$J$5:$J$254,12)) -> 0 | O6: =IF(B6="","",SUM(C6:N6)) -> 41.2
B7: =IF(Suministros!B7="","",Suministros!B7) -> Gas | C7: =IF($B7="","",SUMIFS(Facturas!$G$5:$G$254,Facturas!$C$5:$C$254,$B7,Facturas!$J$5:$J$254,1)) -> 0 | D7: =IF($B7="","",SUMIFS(Facturas!$G$5:$G$254,Facturas!$C$5:$C$254,$B7,Facturas!$J$5:$J$254,2)) -> 0 | E7: =IF($B7="","",SUMIFS(Facturas!$G$5:$G$254,Facturas!$C$5:$C$254,$B7,Facturas!$J$5:$J$254,3)) -> 0 | F7: =IF($B7="","",SUMIFS(Facturas!$G$5:$G$254,Facturas!$C$5:$C$254,$B7,Facturas!$J$5:$J$254,4)) -> 0 | G7: =IF($B7="","",SUMIFS(Facturas!$G$5:$G$254,Facturas!$C$5:$C$254,$B7,Facturas!$J$5:$J$254,5)) -> 0 | H7: =IF($B7="","",SUMIFS(Facturas!$G$5:$G$254,Facturas!$C$5:$C$254,$B7,Facturas!$J$5:$J$254,6)) -> 0 | I7: =IF($B7="","",SUMIFS(Facturas!$G$5:$G$254,Facturas!$C$5:$C$254,$B7,Facturas!$J$5:$J$254,7)) -> 0 | J7: =IF($B7="","",SUMIFS(Facturas!$G$5:$G$254,Facturas!$C$5:$C$254,$B7,Facturas!$J$5:$J$254,8)) -> 0 | K7: =IF($B7="","",SUMIFS(Facturas!$G$5:$G$254,Facturas!$C$5:$C$254,$B7,Facturas!$J$5:$J$254,9)) -> 0 | L7: =IF($B7="","",SUMIFS(Facturas!$G$5:$G$254,Facturas!$C$5:$C$254,$B7,Facturas!$J$5:$J$254,10)) -> 0 | M7: =IF($B7="","",SUMIFS(Facturas!$G$5:$G$254,Facturas!$C$5:$C$254,$B7,Facturas!$J$5:$J$254,11)) -> 0 | N7: =IF($B7="","",SUMIFS(Facturas!$G$5:$G$254,Facturas!$C$5:$C$254,$B7,Facturas!$J$5:$J$254,12)) -> 0 | O7: =IF(B7="","",SUM(C7:N7)) -> 0
B8: =IF(Suministros!B8="","",Suministros!B8) -> Internet | C8: =IF($B8="","",SUMIFS(Facturas!$G$5:$G$254,Facturas!$C$5:$C$254,$B8,Facturas!$J$5:$J$254,1)) -> 0 | D8: =IF($B8="","",SUMIFS(Facturas!$G$5:$G$254,Facturas!$C$5:$C$254,$B8,Facturas!$J$5:$J$254,2)) -> 0 | E8: =IF($B8="","",SUMIFS(Facturas!$G$5:$G$254,Facturas!$C$5:$C$254,$B8,Facturas!$J$5:$J$254,3)) -> 0 | F8: =IF($B8="","",SUMIFS(Facturas!$G$5:$G$254,Facturas!$C$5:$C$254,$B8,Facturas!$J$5:$J$254,4)) -> 0 | G8: =IF($B8="","",SUMIFS(Facturas!$G$5:$G$254,Facturas!$C$5:$C$254,$B8,Facturas!$J$5:$J$254,5)) -> 0 | H8: =IF($B8="","",SUMIFS(Facturas!$G$5:$G$254,Facturas!$C$5:$C$254,$B8,Facturas!$J$5:$J$254,6)) -> 0 | I8: =IF($B8="","",SUMIFS(Facturas!$G$5:$G$254,Facturas!$C$5:$C$254,$B8,Facturas!$J$5:$J$254,7)) -> 0 | J8: =IF($B8="","",SUMIFS(Facturas!$G$5:$G$254,Facturas!$C$5:$C$254,$B8,Facturas!$J$5:$J$254,8)) -> 0 | K8: =IF($B8="","",SUMIFS(Facturas!$G$5:$G$254,Facturas!$C$5:$C$254,$B8,Facturas!$J$5:$J$254,9)) -> 0 | L8: =IF($B8="","",SUMIFS(Facturas!$G$5:$G$254,Facturas!$C$5:$C$254,$B8,Facturas!$J$5:$J$254,10)) -> 0 | M8: =IF($B8="","",SUMIFS(Facturas!$G$5:$G$254,Facturas!$C$5:$C$254,$B8,Facturas!$J$5:$J$254,11)) -> 0 | N8: =IF($B8="","",SUMIFS(Facturas!$G$5:$G$254,Facturas!$C$5:$C$254,$B8,Facturas!$J$5:$J$254,12)) -> 0 | O8: =IF(B8="","",SUM(C8:N8)) -> 0
B9: =IF(Suministros!B9="","",Suministros!B9) -> Móvil | C9: =IF($B9="","",SUMIFS(Facturas!$G$5:$G$254,Facturas!$C$5:$C$254,$B9,Facturas!$J$5:$J$254,1)) -> 0 | D9: =IF($B9="","",SUMIFS(Facturas!$G$5:$G$254,Facturas!$C$5:$C$254,$B9,Facturas!$J$5:$J$254,2)) -> 0 | E9: =IF($B9="","",SUMIFS(Facturas!$G$5:$G$254,Facturas!$C$5:$C$254,$B9,Facturas!$J$5:$J$254,3)) -> 0 | F9: =IF($B9="","",SUMIFS(Facturas!$G$5:$G$254,Facturas!$C$5:$C$254,$B9,Facturas!$J$5:$J$254,4)) -> 0 | G9: =IF($B9="","",SUMIFS(Facturas!$G$5:$G$254,Facturas!$C$5:$C$254,$B9,Facturas!$J$5:$J$254,5)) -> 0 | H9: =IF($B9="","",SUMIFS(Facturas!$G$5:$G$254,Facturas!$C$5:$C$254,$B9,Facturas!$J$5:$J$254,6)) -> 0 | I9: =IF($B9="","",SUMIFS(Facturas!$G$5:$G$254,Facturas!$C$5:$C$254,$B9,Facturas!$J$5:$J$254,7)) -> 0 | J9: =IF($B9="","",SUMIFS(Facturas!$G$5:$G$254,Facturas!$C$5:$C$254,$B9,Facturas!$J$5:$J$254,8)) -> 0 | K9: =IF($B9="","",SUMIFS(Facturas!$G$5:$G$254,Facturas!$C$5:$C$254,$B9,Facturas!$J$5:$J$254,9)) -> 0 | L9: =IF($B9="","",SUMIFS(Facturas!$G$5:$G$254,Facturas!$C$5:$C$254,$B9,Facturas!$J$5:$J$254,10)) -> 0 | M9: =IF($B9="","",SUMIFS(Facturas!$G$5:$G$254,Facturas!$C$5:$C$254,$B9,Facturas!$J$5:$J$254,11)) -> 0 | N9: =IF($B9="","",SUMIFS(Facturas!$G$5:$G$254,Facturas!$C$5:$C$254,$B9,Facturas!$J$5:$J$254,12)) -> 0 | O9: =IF(B9="","",SUM(C9:N9)) -> 0
B10: =IF(Suministros!B10="","",Suministros!B10) -> Comunidad | C10: =IF($B10="","",SUMIFS(Facturas!$G$5:$G$254,Facturas!$C$5:$C$254,$B10,Facturas!$J$5:$J$254,1)) -> 0 | D10: =IF($B10="","",SUMIFS(Facturas!$G$5:$G$254,Facturas!$C$5:$C$254,$B10,Facturas!$J$5:$J$254,2)) -> 0 | E10: =IF($B10="","",SUMIFS(Facturas!$G$5:$G$254,Facturas!$C$5:$C$254,$B10,Facturas!$J$5:$J$254,3)) -> 0 | F10: =IF($B10="","",SUMIFS(Facturas!$G$5:$G$254,Facturas!$C$5:$C$254,$B10,Facturas!$J$5:$J$254,4)) -> 0 | G10: =IF($B10="","",SUMIFS(Facturas!$G$5:$G$254,Facturas!$C$5:$C$254,$B10,Facturas!$J$5:$J$254,5)) -> 0 | H10: =IF($B10="","",SUMIFS(Facturas!$G$5:$G$254,Facturas!$C$5:$C$254,$B10,Facturas!$J$5:$J$254,6)) -> 0 | I10: =IF($B10="","",SUMIFS(Facturas!$G$5:$G$254,Facturas!$C$5:$C$254,$B10,Facturas!$J$5:$J$254,7)) -> 0 | J10: =IF($B10="","",SUMIFS(Facturas!$G$5:$G$254,Facturas!$C$5:$C$254,$B10,Facturas!$J$5:$J$254,8)) -> 0 | K10: =IF($B10="","",SUMIFS(Facturas!$G$5:$G$254,Facturas!$C$5:$C$254,$B10,Facturas!$J$5:$J$254,9)) -> 0 | L10: =IF($B10="","",SUMIFS(Facturas!$G$5:$G$254,Facturas!$C$5:$C$254,$B10,Facturas!$J$5:$J$254,10)) -> 0 | M10: =IF($B10="","",SUMIFS(Facturas!$G$5:$G$254,Facturas!$C$5:$C$254,$B10,Facturas!$J$5:$J$254,11)) -> 0 | N10: =IF($B10="","",SUMIFS(Facturas!$G$5:$G$254,Facturas!$C$5:$C$254,$B10,Facturas!$J$5:$J$254,12)) -> 0 | O10: =IF(B10="","",SUM(C10:N10)) -> 0
B11: =IF(Suministros!B11="","",Suministros!B11) -> Seguro del hogar | C11: =IF($B11="","",SUMIFS(Facturas!$G$5:$G$254,Facturas!$C$5:$C$254,$B11,Facturas!$J$5:$J$254,1)) -> 0 | D11: =IF($B11="","",SUMIFS(Facturas!$G$5:$G$254,Facturas!$C$5:$C$254,$B11,Facturas!$J$5:$J$254,2)) -> 0 | E11: =IF($B11="","",SUMIFS(Facturas!$G$5:$G$254,Facturas!$C$5:$C$254,$B11,Facturas!$J$5:$J$254,3)) -> 0 | F11: =IF($B11="","",SUMIFS(Facturas!$G$5:$G$254,Facturas!$C$5:$C$254,$B11,Facturas!$J$5:$J$254,4)) -> 0 | G11: =IF($B11="","",SUMIFS(Facturas!$G$5:$G$254,Facturas!$C$5:$C$254,$B11,Facturas!$J$5:$J$254,5)) -> 0 | H11: =IF($B11="","",SUMIFS(Facturas!$G$5:$G$254,Facturas!$C$5:$C$254,$B11,Facturas!$J$5:$J$254,6)) -> 0 | I11: =IF($B11="","",SUMIFS(Facturas!$G$5:$G$254,Facturas!$C$5:$C$254,$B11,Facturas!$J$5:$J$254,7)) -> 0 | J11: =IF($B11="","",SUMIFS(Facturas!$G$5:$G$254,Facturas!$C$5:$C$254,$B11,Facturas!$J$5:$J$254,8)) -> 0 | K11: =IF($B11="","",SUMIFS(Facturas!$G$5:$G$254,Facturas!$C$5:$C$254,$B11,Facturas!$J$5:$J$254,9)) -> 0 | L11: =IF($B11="","",SUMIFS(Facturas!$G$5:$G$254,Facturas!$C$5:$C$254,$B11,Facturas!$J$5:$J$254,10)) -> 0 | M11: =IF($B11="","",SUMIFS(Facturas!$G$5:$G$254,Facturas!$C$5:$C$254,$B11,Facturas!$J$5:$J$254,11)) -> 0 | N11: =IF($B11="","",SUMIFS(Facturas!$G$5:$G$254,Facturas!$C$5:$C$254,$B11,Facturas!$J$5:$J$254,12)) -> 0 | O11: =IF(B11="","",SUM(C11:N11)) -> 0
B12: =IF(Suministros!B12="","",Suministros!B12) -> Basuras e IBI | C12: =IF($B12="","",SUMIFS(Facturas!$G$5:$G$254,Facturas!$C$5:$C$254,$B12,Facturas!$J$5:$J$254,1)) -> 0 | D12: =IF($B12="","",SUMIFS(Facturas!$G$5:$G$254,Facturas!$C$5:$C$254,$B12,Facturas!$J$5:$J$254,2)) -> 0 | E12: =IF($B12="","",SUMIFS(Facturas!$G$5:$G$254,Facturas!$C$5:$C$254,$B12,Facturas!$J$5:$J$254,3)) -> 0 | F12: =IF($B12="","",SUMIFS(Facturas!$G$5:$G$254,Facturas!$C$5:$C$254,$B12,Facturas!$J$5:$J$254,4)) -> 0 | G12: =IF($B12="","",SUMIFS(Facturas!$G$5:$G$254,Facturas!$C$5:$C$254,$B12,Facturas!$J$5:$J$254,5)) -> 0 | H12: =IF($B12="","",SUMIFS(Facturas!$G$5:$G$254,Facturas!$C$5:$C$254,$B12,Facturas!$J$5:$J$254,6)) -> 0 | I12: =IF($B12="","",SUMIFS(Facturas!$G$5:$G$254,Facturas!$C$5:$C$254,$B12,Facturas!$J$5:$J$254,7)) -> 0 | J12: =IF($B12="","",SUMIFS(Facturas!$G$5:$G$254,Facturas!$C$5:$C$254,$B12,Facturas!$J$5:$J$254,8)) -> 0 | K12: =IF($B12="","",SUMIFS(Facturas!$G$5:$G$254,Facturas!$C$5:$C$254,$B12,Facturas!$J$5:$J$254,9)) -> 0 | L12: =IF($B12="","",SUMIFS(Facturas!$G$5:$G$254,Facturas!$C$5:$C$254,$B12,Facturas!$J$5:$J$254,10)) -> 0 | M12: =IF($B12="","",SUMIFS(Facturas!$G$5:$G$254,Facturas!$C$5:$C$254,$B12,Facturas!$J$5:$J$254,11)) -> 0 | N12: =IF($B12="","",SUMIFS(Facturas!$G$5:$G$254,Facturas!$C$5:$C$254,$B12,Facturas!$J$5:$J$254,12)) -> 0 | O12: =IF(B12="","",SUM(C12:N12)) -> 0
B13: =IF(Suministros!B13="","",Suministros!B13) | C13: =IF($B13="","",SUMIFS(Facturas!$G$5:$G$254,Facturas!$C$5:$C$254,$B13,Facturas!$J$5:$J$254,1)) | D13: =IF($B13="","",SUMIFS(Facturas!$G$5:$G$254,Facturas!$C$5:$C$254,$B13,Facturas!$J$5:$J$254,2)) | E13: =IF($B13="","",SUMIFS(Facturas!$G$5:$G$254,Facturas!$C$5:$C$254,$B13,Facturas!$J$5:$J$254,3)) | F13: =IF($B13="","",SUMIFS(Facturas!$G$5:$G$254,Facturas!$C$5:$C$254,$B13,Facturas!$J$5:$J$254,4)) | G13: =IF($B13="","",SUMIFS(Facturas!$G$5:$G$254,Facturas!$C$5:$C$254,$B13,Facturas!$J$5:$J$254,5)) | H13: =IF($B13="","",SUMIFS(Facturas!$G$5:$G$254,Facturas!$C$5:$C$254,$B13,Facturas!$J$5:$J$254,6)) | I13: =IF($B13="","",SUMIFS(Facturas!$G$5:$G$254,Facturas!$C$5:$C$254,$B13,Facturas!$J$5:$J$254,7)) | J13: =IF($B13="","",SUMIFS(Facturas!$G$5:$G$254,Facturas!$C$5:$C$254,$B13,Facturas!$J$5:$J$254,8)) | K13: =IF($B13="","",SUMIFS(Facturas!$G$5:$G$254,Facturas!$C$5:$C$254,$B13,Facturas!$J$5:$J$254,9)) | L13: =IF($B13="","",SUMIFS(Facturas!$G$5:$G$254,Facturas!$C$5:$C$254,$B13,Facturas!$J$5:$J$254,10)) | M13: =IF($B13="","",SUMIFS(Facturas!$G$5:$G$254,Facturas!$C$5:$C$254,$B13,Facturas!$J$5:$J$254,11)) | N13: =IF($B13="","",SUMIFS(Facturas!$G$5:$G$254,Facturas!$C$5:$C$254,$B13,Facturas!$J$5:$J$254,12)) | O13: =IF(B13="","",SUM(C13:N13))
B14: =IF(Suministros!B14="","",Suministros!B14) | C14: =IF($B14="","",SUMIFS(Facturas!$G$5:$G$254,Facturas!$C$5:$C$254,$B14,Facturas!$J$5:$J$254,1)) | D14: =IF($B14="","",SUMIFS(Facturas!$G$5:$G$254,Facturas!$C$5:$C$254,$B14,Facturas!$J$5:$J$254,2)) | E14: =IF($B14="","",SUMIFS(Facturas!$G$5:$G$254,Facturas!$C$5:$C$254,$B14,Facturas!$J$5:$J$254,3)) | F14: =IF($B14="","",SUMIFS(Facturas!$G$5:$G$254,Facturas!$C$5:$C$254,$B14,Facturas!$J$5:$J$254,4)) | G14: =IF($B14="","",SUMIFS(Facturas!$G$5:$G$254,Facturas!$C$5:$C$254,$B14,Facturas!$J$5:$J$254,5)) | H14: =IF($B14="","",SUMIFS(Facturas!$G$5:$G$254,Facturas!$C$5:$C$254,$B14,Facturas!$J$5:$J$254,6)) | I14: =IF($B14="","",SUMIFS(Facturas!$G$5:$G$254,Facturas!$C$5:$C$254,$B14,Facturas!$J$5:$J$254,7)) | J14: =IF($B14="","",SUMIFS(Facturas!$G$5:$G$254,Facturas!$C$5:$C$254,$B14,Facturas!$J$5:$J$254,8)) | K14: =IF($B14="","",SUMIFS(Facturas!$G$5:$G$254,Facturas!$C$5:$C$254,$B14,Facturas!$J$5:$J$254,9)) | L14: =IF($B14="","",SUMIFS(Facturas!$G$5:$G$254,Facturas!$C$5:$C$254,$B14,Facturas!$J$5:$J$254,10)) | M14: =IF($B14="","",SUMIFS(Facturas!$G$5:$G$254,Facturas!$C$5:$C$254,$B14,Facturas!$J$5:$J$254,11)) | N14: =IF($B14="","",SUMIFS(Facturas!$G$5:$G$254,Facturas!$C$5:$C$254,$B14,Facturas!$J$5:$J$254,12)) | O14: =IF(B14="","",SUM(C14:N14))
B15: =IF(Suministros!B15="","",Suministros!B15) | C15: =IF($B15="","",SUMIFS(Facturas!$G$5:$G$254,Facturas!$C$5:$C$254,$B15,Facturas!$J$5:$J$254,1)) | D15: =IF($B15="","",SUMIFS(Facturas!$G$5:$G$254,Facturas!$C$5:$C$254,$B15,Facturas!$J$5:$J$254,2)) | E15: =IF($B15="","",SUMIFS(Facturas!$G$5:$G$254,Facturas!$C$5:$C$254,$B15,Facturas!$J$5:$J$254,3)) | F15: =IF($B15="","",SUMIFS(Facturas!$G$5:$G$254,Facturas!$C$5:$C$254,$B15,Facturas!$J$5:$J$254,4)) | G15: =IF($B15="","",SUMIFS(Facturas!$G$5:$G$254,Facturas!$C$5:$C$254,$B15,Facturas!$J$5:$J$254,5)) | H15: =IF($B15="","",SUMIFS(Facturas!$G$5:$G$254,Facturas!$C$5:$C$254,$B15,Facturas!$J$5:$J$254,6)) | I15: =IF($B15="","",SUMIFS(Facturas!$G$5:$G$254,Facturas!$C$5:$C$254,$B15,Facturas!$J$5:$J$254,7)) | J15: =IF($B15="","",SUMIFS(Facturas!$G$5:$G$254,Facturas!$C$5:$C$254,$B15,Facturas!$J$5:$J$254,8)) | K15: =IF($B15="","",SUMIFS(Facturas!$G$5:$G$254,Facturas!$C$5:$C$254,$B15,Facturas!$J$5:$J$254,9)) | L15: =IF($B15="","",SUMIFS(Facturas!$G$5:$G$254,Facturas!$C$5:$C$254,$B15,Facturas!$J$5:$J$254,10)) | M15: =IF($B15="","",SUMIFS(Facturas!$G$5:$G$254,Facturas!$C$5:$C$254,$B15,Facturas!$J$5:$J$254,11)) | N15: =IF($B15="","",SUMIFS(Facturas!$G$5:$G$254,Facturas!$C$5:$C$254,$B15,Facturas!$J$5:$J$254,12)) | O15: =IF(B15="","",SUM(C15:N15))
B16: =IF(Suministros!B16="","",Suministros!B16) | C16: =IF($B16="","",SUMIFS(Facturas!$G$5:$G$254,Facturas!$C$5:$C$254,$B16,Facturas!$J$5:$J$254,1)) | D16: =IF($B16="","",SUMIFS(Facturas!$G$5:$G$254,Facturas!$C$5:$C$254,$B16,Facturas!$J$5:$J$254,2)) | E16: =IF($B16="","",SUMIFS(Facturas!$G$5:$G$254,Facturas!$C$5:$C$254,$B16,Facturas!$J$5:$J$254,3)) | F16: =IF($B16="","",SUMIFS(Facturas!$G$5:$G$254,Facturas!$C$5:$C$254,$B16,Facturas!$J$5:$J$254,4)) | G16: =IF($B16="","",SUMIFS(Facturas!$G$5:$G$254,Facturas!$C$5:$C$254,$B16,Facturas!$J$5:$J$254,5)) | H16: =IF($B16="","",SUMIFS(Facturas!$G$5:$G$254,Facturas!$C$5:$C$254,$B16,Facturas!$J$5:$J$254,6)) | I16: =IF($B16="","",SUMIFS(Facturas!$G$5:$G$254,Facturas!$C$5:$C$254,$B16,Facturas!$J$5:$J$254,7)) | J16: =IF($B16="","",SUMIFS(Facturas!$G$5:$G$254,Facturas!$C$5:$C$254,$B16,Facturas!$J$5:$J$254,8)) | K16: =IF($B16="","",SUMIFS(Facturas!$G$5:$G$254,Facturas!$C$5:$C$254,$B16,Facturas!$J$5:$J$254,9)) | L16: =IF($B16="","",SUMIFS(Facturas!$G$5:$G$254,Facturas!$C$5:$C$254,$B16,Facturas!$J$5:$J$254,10)) | M16: =IF($B16="","",SUMIFS(Facturas!$G$5:$G$254,Facturas!$C$5:$C$254,$B16,Facturas!$J$5:$J$254,11)) | N16: =IF($B16="","",SUMIFS(Facturas!$G$5:$G$254,Facturas!$C$5:$C$254,$B16,Facturas!$J$5:$J$254,12)) | O16: =IF(B16="","",SUM(C16:N16))
... B18: =IF(Suministros!B18="","",Suministros!B18) | C18: =IF($B18="","",SUMIFS(Facturas!$G$5:$G$254,Facturas!$C$5:$C$254,$B18,Facturas!$J$5:$J$254,1)) | D18: =IF($B18="","",SUMIFS(Facturas!$G$5:$G$254,Facturas!$C$5:$C$254,$B18,Facturas!$J$5:$J$254,2)) | E18: =IF($B18="","",SUMIFS(Facturas!$G$5:$G$254,Facturas!$C$5:$C$254,$B18,Facturas!$J$5:$J$254,3)) | F18: =IF($B18="","",SUMIFS(Facturas!$G$5:$G$254,Facturas!$C$5:$C$254,$B18,Facturas!$J$5:$J$254,4)) | G18: =IF($B18="","",SUMIFS(Facturas!$G$5:$G$254,Facturas!$C$5:$C$254,$B18,Facturas!$J$5:$J$254,5)) | H18: =IF($B18="","",SUMIFS(Facturas!$G$5:$G$254,Facturas!$C$5:$C$254,$B18,Facturas!$J$5:$J$254,6)) | I18: =IF($B18="","",SUMIFS(Facturas!$G$5:$G$254,Facturas!$C$5:$C$254,$B18,Facturas!$J$5:$J$254,7)) | J18: =IF($B18="","",SUMIFS(Facturas!$G$5:$G$254,Facturas!$C$5:$C$254,$B18,Facturas!$J$5:$J$254,8)) | K18: =IF($B18="","",SUMIFS(Facturas!$G$5:$G$254,Facturas!$C$5:$C$254,$B18,Facturas!$J$5:$J$254,9)) | L18: =IF($B18="","",SUMIFS(Facturas!$G$5:$G$254,Facturas!$C$5:$C$254,$B18,Facturas!$J$5:$J$254,10)) | M18: =IF($B18="","",SUMIFS(Facturas!$G$5:$G$254,Facturas!$C$5:$C$254,$B18,Facturas!$J$5:$J$254,11)) | N18: =IF($B18="","",SUMIFS(Facturas!$G$5:$G$254,Facturas!$C$5:$C$254,$B18,Facturas!$J$5:$J$254,12)) | O18: =IF(B18="","",SUM(C18:N18))
B20: TOTAL | C20: =SUM(C5:C18) -> 0 | D20: =SUM(D5:D18) -> 0 | E20: =SUM(E5:E18) -> 0 | F20: =SUM(F5:F18) -> 0 | G20: =SUM(G5:G18) -> 0 | H20: =SUM(H5:H18) -> 0 | I20: =SUM(I5:I18) -> 119.6 | J20: =SUM(J5:J18) -> 84.9 | ... O20: =SUM(O5:O18) -> 204.5
B23: Datos del año
B24: Gasto total del año | C24: =O20 -> 204.5
B25: Media mensual | C25: =IFERROR(AVERAGE(C20:N20),"") -> 17.041667
B26: Mes más caro | C26: =IFERROR(INDEX($C$4:$N$4,MATCH(MAX(C20:N20),C20:N20,0)),"") -> Jul
B27: Importe de ese mes | C27: =IFERROR(MAX(C20:N20),"") -> 119.6
B28: Facturas registradas | C28: =COUNT(Facturas!$G$5:$G$254) -> 3
